NWL (28 & UNDER)
RED DEER WRANGLERS @ MOOSE JAW GHOSTBUSTERS
05/04/2028
 
TOP OF THE 1ST
Red Deer Wranglers batting - Pitching for Moose Jaw Ghostbusters : RHP Rien Middelkamp
Pitching: RHP Rien Middelkamp
Batting: SHB Robbie Rhodes 0-0: Foul Ball, location: 2F
0-1: Swinging Strike
0-2: Ground out 4-3 (Groundball, 34D)
Batting: LHB Jorge Olvera 0-0: Ball
1-0: Ball
2-0: Ball
3-0: Called Strike
3-1: Base on Balls
Batting: RHB Allen Brown 0-0: Called Strike
0-1: Foul Ball, location: 2F
0-2: SINGLE (Groundball, 23) (infield hit)
Jorge Olvera to second
Batting: LHB Fred Abrams 0-0: Called Strike
0-1: Ball
1-1: Swinging Strike
1-2: Ball
2-2: SINGLE (Line Drive, 34)
Jorge Olvera to third
Allen Brown to second
Batting: RHB Luis Ibarra 0-0: Ball
1-0: Ball
2-0: Called Strike
2-1: Fly out, F2 (Popup, 23)
Batting: LHB Alejandro Rojas 0-0: Fly out, F8 (Flyball, 8RXD)
Top of the 1st over - 0 run(s), 2 hit(s), 0 error(s), 3 left on base; Red Deer 0 - Moose Jaw 0
BOTTOM OF THE 1ST
Moose Jaw Ghostbusters batting - Pitching for Red Deer Wranglers : RHP Michael Walton
Pitching: RHP Michael Walton
Batting: LHB David Adams 0-0: Called Strike
0-1: Ball
1-1: SINGLE (Groundball, 6MD)
Batting: LHB Jon Scott 0-0: Called Strike
0-1: Ball
David Adams is caught stealing 2nd base
1-1: Foul Ball, location: 2F
1-2: Foul Ball, location: 2F
1-2: SINGLE (Groundball, 6D)
Batting: RHB Ron Elazar 0-0: Ball
1-0: Called Strike
1-1: Ball
2-1: Ball
3-1: Called Strike
3-2: SINGLE (Line Drive, 6)
Jon Scott to second
Batting: LHB Will Vale 0-0: Ball
1-0: Swinging Strike
1-1: Ball
2-1: Foul Ball, location: 2F
2-2: SINGLE (Groundball, 34S) (infield hit)
Jon Scott to third
Ron Elazar to second
Batting: SHB Rafael Acosta 0-0: Ball
1-0: Called Strike
1-1: Swinging Strike
1-2: Strikes out swinging
Batting: RHB Billy Mullins 0-0: Called Strike
0-1: GRAND SLAM HOME RUN (Flyball, 7LD), Distance : 361 ft
Batting: LHB Dave Stewart 0-0: SINGLE (Line Drive, 9S)
Batting: RHB Shawn Bane 0-0: Fly out, F9 (Flyball, 89M)
Bottom of the 1st over - 4 run(s), 6 hit(s), 0 error(s), 1 left on base; Red Deer 0 - Moose Jaw 4
TOP OF THE 2ND
Red Deer Wranglers batting - Pitching for Moose Jaw Ghostbusters : RHP Rien Middelkamp
Batting: RHB Ben Fisher 0-0: Ball
1-0: Ball
2-0: Ball
3-0: Called Strike
3-1: Base on Balls
Batting: LHB Héctor Santos 0-0: Called Strike
0-1: Ball
1-1: Ball
2-1: Ground out 4-3 (Groundball, 4S)
Ben Fisher to second
Batting: RHB Art Cameron 0-0: Called Strike
0-1: Swinging Strike
0-2: Strikes out swinging, 2-3 out at first.
Batting: SHB Robbie Rhodes 0-0: Ball
1-0: Swinging Strike
1-1: Called Strike
1-2: Foul Ball, location: 2F
1-2: Strikes out swinging
Top of the 2nd over - 0 run(s), 0 hit(s), 0 error(s), 1 left on base; Red Deer 0 - Moose Jaw 4
BOTTOM OF THE 2ND
Moose Jaw Ghostbusters batting - Pitching for Red Deer Wranglers : RHP Michael Walton
Batting: RHB Nicholas Harris 0-0: Called Strike
0-1: Foul Ball, location: 2F
0-2: Ball
1-2: Foul Ball, location: 2F
1-2: Foul Ball, location: 2F
1-2: Ball
2-2: Ball
3-2: Foul Ball, location: 2F
3-2: Fly out, F6 (Popup, 6MD)
Batting: LHB David Adams 0-0: SINGLE (Groundball, 34D)
Batting: LHB Jon Scott 0-0: Swinging Strike
0-1: Ball
1-1: 2-RUN HOME RUN (Line Drive, 89XD), Distance : 393 ft
Batting: RHB Ron Elazar 0-0: Foul Ball, location: 2F
0-1: Foul Ball, location: 2F
0-2: Ball
1-2: Ball
2-2: Fly out, F9 (Flyball, 89M)
Batting: LHB Will Vale 0-0: Fly out, F4 (Popup, 3D)
Bottom of the 2nd over - 2 run(s), 2 hit(s), 0 error(s), 0 left on base; Red Deer 0 - Moose Jaw 6
TOP OF THE 3RD
Red Deer Wranglers batting - Pitching for Moose Jaw Ghostbusters : RHP Rien Middelkamp
Batting: LHB Jorge Olvera 0-0: Called Strike
0-1: Called Strike
0-2: Foul Ball, location: 2F
0-2: Foul Ball, location: 2F
0-2: Ball
1-2: Strikes out swinging
Batting: RHB Allen Brown 0-0: Swinging Strike
0-1: Ball
1-1: Foul Ball, location: 2F
1-2: Ball
2-2: Foul Ball, location: 2F
2-2: Strikes out swinging, 2-3 out at first.
Batting: LHB Fred Abrams 0-0: Ball
1-0: Ball
2-0: Ball
3-0: Called Strike
3-1: Fly out, F9 (Flyball, 89M)
Top of the 3rd over - 0 run(s), 0 hit(s), 0 error(s), 0 left on base; Red Deer 0 - Moose Jaw 6
BOTTOM OF THE 3RD
Moose Jaw Ghostbusters batting - Pitching for Red Deer Wranglers : RHP Michael Walton
Batting: SHB Rafael Acosta 0-0: Ball
1-0: Called Strike
1-1: Ball
2-1: Ball
3-1: SINGLE (Line Drive, 4M)
Batting: RHB Billy Mullins 0-0: Ground out 5-3 (Groundball, 56S)
Rafael Acosta to second
Batting: LHB Dave Stewart 0-0: Called Strike
0-1: Ball
1-1: 2-RUN HOME RUN (Flyball, 9D), Distance : 341 ft
Pitching: RHP Simón Amejorado
Batting: RHB Shawn Bane 0-0: Called Strike
0-1: Foul Ball, location: 2F
0-2: Foul Ball, location: 2F
0-2: Strikes out swinging
Batting: RHB Nicholas Harris 0-0: Ball
1-0: Swinging Strike
1-1: Ball
2-1: Swinging Strike
2-2: Ground out 5-3 (Groundball, 5S)
Bottom of the 3rd over - 2 run(s), 2 hit(s), 0 error(s), 0 left on base; Red Deer 0 - Moose Jaw 8
TOP OF THE 4TH
Red Deer Wranglers batting - Pitching for Moose Jaw Ghostbusters : RHP Rien Middelkamp
Batting: RHB Luis Ibarra 0-0: Ball
1-0: Ball
2-0: SINGLE (Line Drive, 6M)
Batting: LHB Alejandro Rojas 0-0: Grounds into double play, 4-6-3 (Groundball, 4)
Batting: RHB Ben Fisher 0-0: Ball
1-0: Foul Ball, location: 2F
1-1: SOLO HOME RUN (Flyball, 7D), Distance : 385 ft
Batting: LHB Héctor Santos 0-0: Foul Ball, location: 2F
0-1: Ball
1-1: Ball
2-1: Swinging Strike
2-2: Fly out, F7 (Flyball, 7LM)
Top of the 4th over - 1 run(s), 2 hit(s), 0 error(s), 0 left on base; Red Deer 1 - Moose Jaw 8
BOTTOM OF THE 4TH
Moose Jaw Ghostbusters batting - Pitching for Red Deer Wranglers : RHP Simón Amejorado
Batting: LHB David Adams 0-0: Called Strike
0-1: Swinging Strike
0-2: Foul Ball, location: 2F
0-2: Strikes out looking
Batting: LHB Jon Scott 0-0: Ball
1-0: Foul Ball, location: 2F
1-1: Ball
2-1: SINGLE (Line Drive, 7S)
Batting: RHB Ron Elazar 0-0: Ball
1-0: Ball
2-0: Ball
3-0: Base on Balls
Jon Scott to second
Batting: LHB Will Vale 0-0: Fly out, F7 (Line Drive, 7)
Batting: SHB Rafael Acosta 0-0: Called Strike
0-1: Foul Ball, location: 2F
0-2: Ball
1-2: Ball
2-2: Ball
3-2: Foul Ball, location: 2F
3-2: Base on Balls
Jon Scott to third
Ron Elazar to second
Batting: RHB Billy Mullins 0-0: Called Strike
0-1: Foul Ball, location: 2F
0-2: Foul Ball, location: 2F
0-2: Fielders Choice at 2nd, 6-4 (Groundball, 6)
Bottom of the 4th over - 0 run(s), 1 hit(s), 0 error(s), 2 left on base; Red Deer 1 - Moose Jaw 8
TOP OF THE 5TH
Red Deer Wranglers batting - Pitching for Moose Jaw Ghostbusters : RHP Rien Middelkamp
Batting: RHB Art Cameron 0-0: Ball
1-0: Ground out 5-3 (Groundball, 56)
Batting: SHB Robbie Rhodes 0-0: Called Strike
0-1: Foul Ball, location: 2F
0-2: Strikes out swinging
Batting: LHB Jorge Olvera 0-0: Foul Ball, location: 2F
0-1: Fly out, F6 (Popup, 6D)
Top of the 5th over - 0 run(s), 0 hit(s), 0 error(s), 0 left on base; Red Deer 1 - Moose Jaw 8
BOTTOM OF THE 5TH
Moose Jaw Ghostbusters batting - Pitching for Red Deer Wranglers : RHP Simón Amejorado
Batting: LHB Dave Stewart 0-0: Called Strike
0-1: Ball
1-1: Ball
2-1: Ball
3-1: Called Strike
3-2: Base on Balls
Batting: RHB Shawn Bane 0-0: Foul Ball, location: 2F
0-1: Foul Ball, location: 2F
0-2: Grounds into double play, 6-4-3 (Groundball, 6)
Batting: RHB Nicholas Harris 0-0: SINGLE (Groundball, 25) (infield hit)
Batting: LHB David Adams 0-0: Foul Ball, location: 2F
0-1: Foul Ball, location: 2F
0-2: Fly out, F8 (Flyball, 78M)
Bottom of the 5th over - 0 run(s), 1 hit(s), 0 error(s), 1 left on base; Red Deer 1 - Moose Jaw 8
TOP OF THE 6TH
Red Deer Wranglers batting - Pitching for Moose Jaw Ghostbusters : RHP Rien Middelkamp
Batting: RHB Allen Brown 0-0: Ball
1-0: Called Strike
1-1: SINGLE (Groundball, 56) (infield hit)
Batting: LHB Fred Abrams 0-0: DOUBLE (Flyball, 7LM)
Allen Brown to third
Batting: RHB Luis Ibarra 0-0: Fly out, F8 (Flyball, 89D)
Runner from 3rd tags up, SCORES, no throw
Fred Abrams to third
Batting: LHB Alejandro Rojas 0-0: Ball
1-0: Called Strike
1-1: Ball
2-1: SINGLE (Line Drive, 34)
Fred Abrams scores
Batting: RHB Ben Fisher 0-0: Ball
1-0: Ball
2-0: Called Strike
2-1: Grounds into double play, 4-6-3 (Groundball, 4)
Top of the 6th over - 2 run(s), 3 hit(s), 0 error(s), 0 left on base; Red Deer 3 - Moose Jaw 8
BOTTOM OF THE 6TH
Moose Jaw Ghostbusters batting - Pitching for Red Deer Wranglers : RHP Simón Amejorado
Batting: LHB Jon Scott 0-0: Ball
1-0: Ball
2-0: SOLO HOME RUN (Flyball, 9D), Distance : 358 ft
Batting: RHB Ron Elazar 0-0: Called Strike
0-1: Ball
1-1: Fly out, F7 (Flyball, 78M)
Pitching: RHP Alejandro Arriaza
Batting: LHB Will Vale 0-0: Called Strike
0-1: Foul Ball, location: 2F
0-2: Ground out 4-3 (Groundball, 4)
Batting: SHB Rafael Acosta 0-0: Fly out, F6 (Line Drive, 6)
Bottom of the 6th over - 1 run(s), 1 hit(s), 0 error(s), 0 left on base; Red Deer 3 - Moose Jaw 9
TOP OF THE 7TH
Red Deer Wranglers batting - Pitching for Moose Jaw Ghostbusters : RHP Rien Middelkamp
Batting: LHB Héctor Santos 0-0: Ball
1-0: Ball
2-0: Called Strike
2-1: SINGLE (Line Drive, 8RS)
Batting: RHB Art Cameron 0-0: Called Strike
0-1: Ball
1-1: Ball
2-1: Called Strike
2-2: Strikes out swinging
Batting: SHB Robbie Rhodes 0-0: Foul Ball, location: 2F
0-1: Swinging Strike
0-2: Ball
1-2: Foul Ball, location: 2F
1-2: Fly out, F8 (Flyball, 78M)
Batting: LHB Jorge Olvera 0-0: Foul Ball, location: 2F
0-1: Foul Ball, location: 2F
0-2: Ball
1-2: Ball
2-2: Ball
3-2: Ground out 4-3 (Groundball, 4)
Top of the 7th over - 0 run(s), 1 hit(s), 0 error(s), 1 left on base; Red Deer 3 - Moose Jaw 9
BOTTOM OF THE 7TH
Moose Jaw Ghostbusters batting - Pitching for Red Deer Wranglers : RHP Alejandro Arriaza
Batting: RHB Billy Mullins 0-0: Ball
1-0: Called Strike
1-1: Ball
2-1: Ball
3-1: Foul Ball, location: 2F
3-2: Base on Balls
Batting: LHB Dave Stewart 0-0: Ball
1-0: Ball
2-0: Foul Ball, location: 2F
2-1: Foul Ball, location: 2F
2-2: SINGLE (Flyball, 78S)
Billy Mullins to second
Batting: RHB Shawn Bane 0-0: Ball
1-0: Ball
2-0: Called Strike
2-1: Foul Ball, location: 2F
2-2: Strikes out swinging
Batting: RHB Nicholas Harris 0-0: Ball
1-0: Ball
2-0: SINGLE (Groundball, 6D)
Billy Mullins to third
Dave Stewart to second
Runner from 3rd tries for Home, SAFE, no throw
Batting: LHB David Adams 0-0: Swinging Strike
0-1: Reached on error, E6 (Groundball, 6)
Dave Stewart to third
Nicholas Harris to second
Batting: LHB Jon Scott 0-0: Foul Ball, location: 2F
0-1: Ball
1-1: Ball
2-1: Ball
3-1: Base on Balls
Dave Stewart scores
Nicholas Harris to third
David Adams to second
Batting: RHB Ron Elazar 0-0: Ball
1-0: Called Strike
1-1: Swinging Strike
1-2: Ball
2-2: Ball
3-2: SINGLE (Line Drive, 7S)
Nicholas Harris scores
David Adams to third
Jon Scott to second
Runner from 3rd tries for Home, SAFE, no throw
Pitching: LHP Macy Catron
Batting: LHB Will Vale 0-0: Swinging Strike
0-1: Ball
1-1: Foul Ball, location: 2F
1-2: SINGLE (Groundball, 6MD)
Jon Scott to third
Ron Elazar to second
Runner from 3rd tries for Home, SAFE, no throw
Batting: SHB Rafael Acosta 0-0: Called Strike
0-1: Ball
1-1: SINGLE (Groundball, 3D)
Ron Elazar to third
Will Vale to second
Runner from 3rd tries for Home, SAFE, no throw
Batting: RHB Billy Mullins 0-0: Called Strike
0-1: Ball
1-1: Ball
2-1: DOUBLE (Groundball, 3L)
Will Vale scores
Rafael Acosta to third
Runner from 3rd tries for Home, SAFE, throw made home
Pinch Runner at 2nd Raúl Casillán:
Batting: LHB Dave Stewart 0-0: Ball
1-0: Ball
2-0: Swinging Strike
2-1: Foul Ball, location: 2F
2-2: Strikes out looking
Batting: RHB Shawn Bane 0-0: Called Strike
0-1: Ball
1-1: 2-RUN HOME RUN (Line Drive, 78XD), Distance : 427 ft
Batting: RHB Nicholas Harris 0-0: Ground out 5-3 (Groundball, 5S)
Bottom of the 7th over - 10 run(s), 7 hit(s), 1 error(s), 0 left on base; Red Deer 3 - Moose Jaw 19
TOP OF THE 8TH
Red Deer Wranglers batting - Pitching for Moose Jaw Ghostbusters : RHP Pancho Hernández
Pitching: RHP Pancho Hernández
Now at 3B: Raúl Casillán
Batting: RHB Allen Brown 0-0: Foul Ball, location: 2F
0-1: Ball
1-1: Ground out 4-3 (Groundball, 4)
Batting: LHB Fred Abrams 0-0: Ball
1-0: Swinging Strike
1-1: Called Strike
1-2: Ball
2-2: Foul Ball, location: 2F
2-2: SINGLE (Groundball, 25) (infield hit)
Batting: RHB Luis Ibarra 0-0: Called Strike
0-1: Swinging Strike
0-2: Fly out, F9 (Flyball, 9LS)
Batting: LHB Alejandro Rojas 0-0: Ball
1-0: Foul Ball, location: 2F
1-1: Ball
2-1: Fly out, F8 (Flyball, 8LM)
Top of the 8th over - 0 run(s), 1 hit(s), 0 error(s), 1 left on base; Red Deer 3 - Moose Jaw 19
BOTTOM OF THE 8TH
Moose Jaw Ghostbusters batting - Pitching for Red Deer Wranglers : LHP Macy Catron
Pitching: RHP Daniel De Jesús
Batting: LHB David Adams 0-0: SINGLE (Line Drive, 7LM)
Batting: LHB Jon Scott 0-0: Ball
1-0: Foul Ball, location: 2F
1-1: Ball
David Adams steals 2nd base
2-1: Called Strike
2-2: Ball
3-2: Base on Balls
Batting: RHB Ron Elazar 0-0: Called Strike
0-1: Ball
1-1: Foul Ball, location: 2F
1-2: Fielders Choice at 2nd, 6-4 (Groundball, 6)
David Adams to third
Batting: LHB Will Vale 0-0: Ball
1-0: Called Strike
1-1: Called Strike
Ron Elazar steals 2nd base
1-2: Strikes out swinging
Batting: SHB Rafael Acosta 0-0: Swinging Strike
0-1: Ball
1-1: Foul Ball, location: 2F
1-2: Strikes out swinging
Bottom of the 8th over - 0 run(s), 1 hit(s), 0 error(s), 2 left on base; Red Deer 3 - Moose Jaw 19
TOP OF THE 9TH
Red Deer Wranglers batting - Pitching for Moose Jaw Ghostbusters : RHP Pancho Hernández
Batting: RHB Ben Fisher 0-0: Ball
1-0: Swinging Strike
1-1: Called Strike
1-2: Ball
2-2: Strikes out looking
Pinch Hitting: RHB Xavier López 0-0: Swinging Strike
0-1: Swinging Strike
0-2: Ball
1-2: Foul Ball, location: 2F
1-2: Fly out, F8 (Flyball, 8LD)
Batting: RHB Art Cameron 0-0: Swinging Strike
0-1: Ball
1-1: Fly out, F8 (Line Drive, 8LM)
Top of the 9th over - 0 run(s), 0 hit(s), 0 error(s), 0 left on base; Red Deer 3 - Moose Jaw 19
Tuesday, August 8th, 2017 - OOTP Baseball 17.12 Build 75